Map: Ruins of Seras

Players

lesha

  • Race: Terran Terran

A.I. 1 (Very Hard) - Winner!

  • Race: Zerg Zerg

VOD

Have the link to the VOD?

Description

Time

  • Played on: Dec. 4, 2015, 10:37 a.m.
  • Length: 16:19
Show
View Real Time Build Order
Export as new Build Order

lesha Terran 

Build Orders:  

Get SALT Encoding   

  12  0:01  SCV  
  13  0:13  SCV  
  14  0:19  Supply Depot  
  14  0:25  SCV  
  15  0:41  SCV  
  16  0:45  Barracks  
  16  0:53  SCV  
  17  1:05  SCV  
  18  1:17  SCV  
  19  1:26  Command Center  
  19  1:32  Orbital Command  
  19  1:36  Marine  
  20  1:51  Refinery  
  20  1:52  Refinery  
  20  2:01  Barracks  
  20  2:09  SCV  
  20  2:12  Supply Depot  
  21  2:25  SCV  
  22  2:37  SCV  
  22  2:40  Bunker  
  22  2:41  Marine  
  24  2:46  Orbital Command  
  24  2:52  SCV  
  25  2:59  Marine  
  26  3:11  Factory  
  25  3:19  Barracks Tech Lab  
  25  3:21  Barracks Reactor  
  25  3:23  SCV  
  25  3:26  SCV  
  27  3:35  SCV  
  27  3:38  Supply Depot, SCV  
  29  3:51  Marauder  
  29  3:55  SCV x2  
  33  4:07  SCV x2, Marine x2  
  37  4:12  Marauder  
  37  4:13  Supply Depot  
  39  4:21  Factory Tech Lab, Starport  
  39  4:25  Marine x2  
  39  4:30  Engineering Bay  
  41  4:32  SCV  
  41  4:33  SCV  
  41  4:37  Engineering Bay  
  43  4:39  Supply Depot  
  43  4:45  SCV x2  
  45  4:52  Barracks  
  45  5:01  Barracks  
  45  5:02  Barracks  
  45  5:03  SCV  
  45  5:04  SCV  
  47  5:11  Command Center  
  47  5:12  Siege Tank  
  50  5:14  Starport Reactor  
  50  5:15  SCV  
  51  5:21  Refinery  
  51  5:22  Refinery  
  51  5:33  Marine  
  51  5:34  Marine  
  55  5:35  Marauder  
  55  5:44  Terran Infantry Weapons Level 1, Terran Infantry Armor Level 1  
  55  5:52  SCV  
  55  5:55  SCV  
  57  6:01  Medivac x2  
  61  6:04  SCV  
  61  6:07  SCV  
  63  6:39  SCV x2  
  65  6:48  Marine  
  65  6:49  Marine  
  65  6:50  Barracks Reactor x2  
  65  6:51  SCV x2  
  69  6:54  Barracks Tech Lab  
  69  6:57  Marine  
  70  7:01  Medivac x2  
  70  7:03  Siege Tank  
  70  7:06  Marine x2  
  81  7:16  Marauder  
  81  7:42  Marine x4  
  85  7:55  Supply Depot  
  85  7:56  Supply Depot x2  
  85  7:59  Supply Depot x3  
  85  8:01  Supply Depot  
  85  8:07  Armory  
  85  8:16  Marine x2  
  85  8:17  Marauder x2  
  91  8:29  Command Center  
  91  8:30  SCV  
  92  8:35  Stimpack  
  92  8:38  Marine x7  
  92  8:39  Marine  
  100  8:45  Medivac x2  
  104  8:57  Marauder x2  
  104  9:00  Marine x5  
  104  9:01  Marine  
  114  9:03  Siege Tank  
  117  9:15  Medivac x2  
  121  9:17  Refinery  
  121  9:18  Marine  
  121  9:20  Orbital Command  
  121  9:23  Refinery  
  84  9:46  Marine x3  
  84  9:47  Marine x5  
  60  10:04  Marine x4  
  60  10:05  Marine x2  
  60  10:06  Marine  
  60  10:07  Marine  
  61  10:22  Marine x3  
  61  10:27  Marine x5  
  69  10:29  Siege Tank  
  69  10:30  Medivac  
  69  10:31  Medivac  
  76  10:36  Combat Shields  
  76  10:40  Marine x3  
  79  10:45  Terran Infantry Weapons Level 2, Marine  
  79  10:46  Terran Infantry Armor Level 2  
  80  10:53  Orbital Command  
  80  11:01  Siege Tank  
  80  11:03  SCV x3  
  86  11:10  Marine x2  
  86  11:11  Marine x6  
  89  11:15  SCV x3, Medivac x2  
  101  11:28  Marine x3  
  101  11:29  Marine x5  
  109  11:33  Barracks  
  109  11:45  Medivac x2  
  109  11:46  Marine x4  
  109  11:47  Marine x4  
  121  11:55  Concussive Shells  
  121  12:04  Marine x6  
  121  12:05  Marine x2  
  129  12:21  Barracks  
  129  12:22  Marine x6  
  133  12:28  Barracks Reactor  
  133  12:29  Marine x2  
  137  12:31  Medivac x2  
  141  12:39  Marine  
  141  12:40  Marine x4  
  146  13:01  Medivac x2  
  150  13:10  Barracks  
  150  13:16  Marine x6  
  156  13:35  Supply Depot  
  156  13:37  Supply Depot x2  
  156  13:39  Supply Depot  
  156  13:49  Marine x3  
  156  13:51  Medivac, Marine x7  
  156  13:52  Medivac  
  151  13:57  Barracks  
  151  13:58  Command Center  
  151  14:01  Supply Depot  
  140  14:03  Supply Depot  
  140  14:07  Marine x3  
  140  14:08  Marine x3  
  140  14:09  Marine x3  
  122  14:21  Medivac  
  122  14:22  Medivac  
  123  14:24  Marine x3  
  123  14:30  Marine  
  122  14:36  Marine x2  
  122  14:37  Marine  
  119  14:42  Marine x3  
  121  14:51  Medivac  
  124  14:58  Marine x2, Medivac  
  119  15:00  Marine x3  
  104  15:16  Marine x2  
  104  15:20  Barracks x2  
  106  15:23  Barracks  
  106  15:28  Medivac  
  73  16:10  Barracks  
Show
View Real Time Build Order
Export as new Build Order

A.I. 1 (Very Hard) Zerg - Winner!

Build Orders: Hatch First 

Get SALT Encoding   

  12  0:00  Drone  
  13  0:12  Overlord  
  13  0:17  Drone  
  14  0:30  Drone x2  
  14  0:34  Drone  
  17  0:55  Hatchery  
  17  0:56  Drone  
  17  1:13  Spawning Pool  
  17  1:15  Extractor  
  17  1:16  Drone  
  16  1:20  Drone  
  16  1:24  Drone  
  18  1:28  Drone  
  19  1:38  Overlord  
  19  1:49  Drone  
  20  2:02  Queen  
  20  2:03  Zergling x2  
  20  2:06  Drone  
  24  2:14  Queen  
  26  2:19  Drone  
  27  2:32  Roach Warren  
  27  2:35  Extractor  
  27  2:36  Drone  
  26  2:40  Drone  
  27  2:47  Overlord  
  27  2:51  Drone  
  27  2:55  Drone  
  27  2:58  Drone  
  30  3:01  Drone  
  30  3:05  Drone  
  32  3:08  Zergling x2  
  32  3:12  Zergling x2  
  34  3:17  Roach  
  36  3:21  Roach  
  36  3:26  Roach  
  40  3:30  Roach  
  40  3:32  Drone  
  43  3:35  Drone  
  43  3:41  Overlord  
  44  3:49  Lair  
  44  3:54  Metabolic Boost  
  44  3:59  Drone  
  44  4:01  Drone  
  46  4:04  Drone  
  46  4:06  Drone  
  46  4:09  Drone  
  49  4:11  Drone  
  49  4:13  Drone  
  51  4:17  Overlord  
  51  4:20  Drone  
  52  4:24  Evolution Chamber  
  52  4:25  Drone  
  52  4:29  Evolution Chamber  
  52  4:30  Drone  
  52  4:35  Drone x2  
  54  4:39  Drone  
  54  4:41  Drone  
  54  4:43  Drone  
  54  4:45  Drone  
  58  4:51  Drone, Infestation Pit  
  58  4:52  Zerg Missile Weapons Level 1  
  58  4:56  Zerg Ground Armor Level 1  
  58  4:58  Overlord  
  58  5:02  Roach  
  60  5:14  Extractor  
  60  5:15  Extractor  
  60  5:16  Roach  
  60  5:17  Drone, Overlord  
  60  5:18  Drone  
  60  5:19  Hydralisk Den  
  60  5:20  Drone  
  63  5:21  Drone  
  63  5:23  Drone  
  63  5:25  Drone  
  63  5:26  Drone  
  66  5:34  Infestor  
  66  5:35  Overlord  
  68  5:37  Drone x3  
  68  5:39  Drone  
  68  5:41  Drone  
  73  5:45  Drone  
  73  5:48  Hydralisk  
  76  5:52  Hydralisk  
  76  5:53  Overlord, Roach  
  76  5:56  Roach  
  82  6:00  Roach  
  84  6:10  Infestor  
  84  6:11  Overlord, Roach  
  88  6:12  Ravager  
  88  6:13  Spine Crawler  
  88  6:14  Spine Crawler, Roach  
  89  6:22  Ravager  
  89  6:24  Roach  
  92  6:28  Hydralisk  
  92  6:29  Overlord  
  92  6:32  Hydralisk  
  96  6:47  Overlord, Infestor  
  96  6:52  Spore Crawler  
  96  6:53  Drone  
  98  6:54  Spore Crawler  
  98  6:55  Drone  
  98  7:00  Infestor  
  100  7:04  Roach  
  100  7:06  Overlord, Roach  
  100  7:08  Roach  
  106  7:16  Hydralisk  
  106  7:22  Hydralisk  
  110  7:25  Hatchery, Overlord, Drone  
  110  7:31  Lurker Den  
  110  7:52  Ravager  
  110  7:54  Roach  
  113  7:58  Spine Crawler  
  113  8:01  Ravager  
  113  8:04  Roach  
  113  8:05  Overlord, Roach  
  117  8:08  Overseer, Roach  
  119  8:26  Hive, Queen  
  119  8:27  Overlord  
  121  8:30  Zergling x10  
  121  8:31  Zergling x6  
  121  8:32  Evolution Chamber  
  127  8:37  Drone x2  
  127  8:38  Drone x5  
  127  8:39  Drone x3  
  137  8:47  Overlord  
  137  8:49  Drone x2  
  137  8:50  Extractor  
  137  8:52  Baneling Nest  
  137  8:53  Extractor  
  136  8:57  Zerg Melee Weapons Level 1  
  136  8:58  Drone  
  136  8:59  Drone x3  
  136  9:00  Drone  
  136  9:01  Drone, Hydralisk Den  
  141  9:08  Overlord  
  141  9:10  Drone  
  141  9:12  Drone x2  
  141  9:13  Drone  
  141  9:15  Drone  
  146  9:19  Drone, Zerg Missile Weapons Level 2  
  146  9:22  Drone  
  148  9:26  Overlord  
  148  9:34  Zergling x4  
  148  9:35  Baneling, Zergling x6  
  139  9:39  Zergling x2  
  139  9:41  Zergling x2  
  139  9:42  Roach, Zergling x2  
  139  9:43  Zergling x2  
  139  9:45  Roach  
  123  9:50  Roach  
  123  9:51  Hydralisk  
  113  9:56  Roach  
  113  9:58  Viper, Hydralisk x2  
  113  9:59  Baneling x2  
  120  10:00  Hydralisk  
  120  10:01  Hydralisk  
  120  10:06  Infestor, Hydralisk, Roach  
  130  10:07  Roach  
  130  10:12  Roach  
  130  10:14  Roach  
  136  10:15  Roach  
  136  10:16  Roach x2  
  136  10:19  Roach  
  136  10:20  Lurker  
  145  10:22  Roach  
  145  10:24  Hydralisk  
  145  10:26  Lurker, Baneling  
  145  10:27  Hydralisk, Roach  
  154  10:28  Roach  
  156  10:40  Viper  
  156  10:41  Overlord  
  159  10:44  Hatchery  
  159  10:46  Spine Crawler  
  159  10:49  Spine Crawler  
  156  10:53  Zerg Melee Weapons Level 2  
  156  11:03  Zerg Ground Armor Level 2  
  156  11:15  Spine Crawler  
  156  11:16  Spore Crawler  
  156  11:18  Spine Crawler  
  153  11:21  Queen  
  155  11:28  Spore Crawler  
  155  11:30  Spore Crawler  
  153  11:33  Spore Crawler  
  153  11:39  Zerg Missile Weapons Level 3  
  152  11:45  Zergling x2  
  153  11:56  Drone x4  
  153  11:57  Drone x4  
  153  11:58  Drone x4  
  153  11:59  Drone x2  
  153  12:00  Overseer  
  167  12:04  Overseer  
  167  12:09  Hatchery, Drone, Extractor  
  167  12:10  Drone  
  167  12:11  Spine Crawler  
  167  12:12  Drone, Infestor, Overlord  
  167  12:14  Drone, Extractor  
  169  12:18  Ultralisk Cavern  
  169  12:19  Drone, Infestor  
  171  12:49  Spine Crawler  
  171  12:50  Drone  
  171  12:57  Pneumatized Carapace  
  171  12:58  Drone, Spine Crawler  
  170  12:59  Spore Crawler  
  170  13:00  Drone  
  170  13:03  Spine Crawler  
  170  13:04  Drone  
  171  13:06  Ultralisk x3, Spore Crawler, Drone  
  171  13:07  Ultralisk  
  195  13:22  Queen  
  195  13:23  Zerg Melee Weapons Level 3  
  197  13:32  Extractor  
  196  13:34  Drone  
  197  13:45  Overlord, Drone, Extractor  
  197  13:46  Tunneling Claws  
  193  13:49  Drone, Spine Crawler  
  193  13:50  Ultralisk  
  193  13:51  Spire, Zergling x4  
  193  13:52  Ultralisk  
  193  13:54  Spore Crawler, Drone  
  195  14:03  Drone  
  195  14:07  Queen  
  195  14:09  Ultralisk  
  196  14:12  Hatchery  
  196  14:13  Drone  
  196  14:15  Ultralisk  
  196  14:16  Spine Crawler  
  183  14:17  Drone  
  183  14:18  Spine Crawler  
  183  14:19  Overlord  
  183  14:20  Drone, Spine Crawler  
  183  14:21  Drone  
  175  14:24  Zergling x2  
  162  14:34  Zergling x2  
  162  14:37  Drone  
  149  14:39  Drone  
  149  14:41  Drone  
  149  14:42  Drone  
  149  14:44  Drone  
  152  14:46  Drone  
  152  14:48  Zergling x2  
  152  14:50  Drone  
  152  14:51  Drone  
  148  14:53  Drone  
  148  14:55  Drone  
  148  14:57  Drone x2, Zergling x2  
  141  15:05  Mutalisk  
  141  15:06  Hatchery  
  128  15:13  Zergling x2  
  120  15:16  Drone  
  120  15:17  Zergling x2  
  120  15:18  Drone  
  119  15:21  Drone  
  119  15:23  Drone  
  119  15:26  Drone  
  120  15:28  Drone  
  120  15:32  Drone  
  120  15:35  Drone  
  119  15:38  Zergling x2  
  119  15:40  Zergling x2  
  116  15:44  Drone  
  116  15:47  Drone  
  116  15:49  Drone  
  118  15:51  Drone  
  118  15:54  Drone  
  118  15:55  Drone  
  118  15:56  Hatchery  
  120  15:57  Drone  
  120  16:00  Drone  
  120  16:02  Drone  
  114  16:04  Drone  
  114  16:06  Drone  
Tags
 
Add a new tag
Caveats
  • Supply blocks, unpowered buildings, or Contaminate may cause inaccurate times.
  • Supply counts are checked every 10 seconds.